 Dungeon Crawl Stone Soup version 0.28.0-53-g5a82cb258f (webtiles) character file.

Game seed: 17559630094631663182

21753 SanguineChosen the Slicer (level 12, -13/76 HPs)
             Began as a Gargoyle Fighter on July 7, 2022.
             Mangled by Rupert
             ... wielding a +2 battleaxe of electrocution
              (34 damage)
             ... on level 13 of the Dungeon.
             The game lasted 00:58:05 (14591 turns).

SanguineChosen the Slicer (Gargoyle Fighter)       Turns: 14591, Time: 00:58:05

Health: -13/76     AC: 28    Str: 25    XL:     12   Next: 93%
Magic:  12/12      EV: 15    Int: 14    God:
Gold:   609        SH: 13    Dex: 21    Spells: 11/11 levels left

rFire   + . .      SeeInvis .   l - +7 short sword "Baoc" {protect, rElec Int+5}
rCold   + . .      Faith    .   c - +0 buckler
rNeg    + . .      Spirit   .   y - +0 acid dragon scales
rPois   ∞          Reflect  +   (no helmet)
rElec   +          Harm     .   i - scarf {rC+ rF+}
rCorr   +          Rampage  .   o - +2 pair of gloves
Will    .....                   n - +0 pair of boots
Stlth   +++.......              t - amulet of reflection
HPRegen 0.22/turn               E - +6 ring of dexterity
MPRegen 0.13/turn               L - +6 ring of dexterity

@: under a protective aura
A: sickness immunity, AC +8, negative energy resistance 1, electricity
resistance, torment resistance 1, petrification resistance
a: no special abilities


You were on level 13 of the Dungeon.
You visited 1 branch of the dungeon, and saw 13 of its levels.
You also visited: Sewer and Ossuary.

You collected 714 gold pieces.
You spent 105 gold pieces at shops.

Inventory:

Hand Weapons
 l - the +7 short sword "Baoc" (weapon) {protect, rElec Int+5}
   (You found it on level 2 of the Dungeon)

   It grants its wielder temporary protection when it strikes (+7 to AC).
   Int:       It affects your intelligence (+5).
   rElec:     It insulates you from electricity.
 J - a +4 mace of holy wrath
 N - a +4 falchion of protection
Missiles
 v - 4 datura-tipped darts
 B - 15 poisoned darts (quivered)
 D - 2 throwing nets
 H - 3 atropa-tipped darts
Armour
 b - a +0 scale mail
 c - a +0 buckler (worn)
 i - a scarf of resistance (worn)
 n - a +0 pair of boots (worn)
 o - a +2 pair of gloves (worn)
 y - +0 acid dragon scales (worn)
 K - a +2 ring mail of willpower
Jewellery
 t - an amulet of reflection (around neck)
 E - a +6 ring of dexterity (left hand)
 L - a +6 ring of dexterity (right hand)
 Q - the ring of the Median {rPois rCorr Dex+2}
   (You found it on level 12 of the Dungeon)

   [ring of resist corrosion]

   Dex:       It affects your dexterity (+2).
   rPois:     It protects you from poison.
   rCorr:     It protects you from acid and corrosion.
Wands
 r - a wand of paralysis (6)
 x - a wand of flame (7)
 G - a wand of acid (5)
 O - a wand of charming (8)
Scrolls
 a - a scroll of magic mapping {unknown}
 f - 2 scrolls of identify
 h - 5 scrolls of blinking
 j - a scroll of fear
 k - a scroll of summoning
 m - a scroll of enchant armour {unknown}
 p - a scroll of enchant weapon {unknown}
 q - 5 scrolls of fog
 s - 7 scrolls of teleportation
 u - 4 scrolls of brand weapon
 M - a scroll of immolation {unknown}
 R - a scroll of vulnerability {unknown}
Potions
 d - a potion of heal wounds
 e - a potion of invisibility {unknown}
 g - 5 potions of curing
 w - 2 potions of degeneration {unknown}
 z - a potion of experience
 A - a potion of cancellation
 C - 3 potions of berserk rage
 F - 2 potions of brilliance
 I - a potion of haste
 P - a potion of ambrosia


   Skills:
 + Level 9.5 Fighting
 + Level 11.5 Short Blades
 + Level 2.3 Maces & Flails
 + Level 3.0 Throwing
 + Level 8.7 Armour
 + Level 5.6 Dodging
 + Level 4.4 Stealth
 + Level 11.2 Shields
 + Level 1.7 Evocations


You had 11 spell levels left.
You didn't know any spells.
Your spell library contained the following spells:

 Spells                   Type           Power      Damage    Failure   Level
 Slow                     Hex            0%         N/A       38%         1
 Summon Small Mammal      Summ           0%         N/A       38%         1
 Scorch                   Fire           0%         2d5       52%         2
 Call Canine Familiar     Summ           0%         N/A       77%         3
 Confusing Touch          Hex            0%         N/A       77%         3
 Portal Projectile        Hex/Tloc       0%         N/A       77%         3
 Summon Guardian Golem    Hex/Summ       0%         N/A       77%         3
 Vampiric Draining        Necr           0%         2d6       77%         3
 Flame Wave               Conj/Fire      0%         2d4       99%         4
 Leda's Liquefaction      Hex/Erth       0%         N/A       99%         4
 Summon Cactus Giant      Summ           0%         N/A       100%        6


Dungeon Overview and Level Annotations

Branches:
Dungeon (13/15)            Temple (0/1) D:5            Lair (0/6) D:10
    Orc (0/2) D:9           Sewer (visited)         Ossuary (visited)
 Vaults: D:13-14

Altars:
Fedhas
Hepliaklqana
Nemelex Xobeh
Okawaru
Ru
Sif Muna
Trog
Wu Jian
Zin

Shops:
D:4 *   D:10 =*

Annotations:
D:13 Rupert


Innate Abilities, Weirdness & Mutations

You are immune to sickness and miasma.
Your stone body is resilient. (AC +8)
You are immune to poison.
You resist negative energy. (rN+)
You are resistant to electric shocks. (rElec)
You are resistant to unholy torment.
You are immune to petrification.


Message History

You hit Rupert.
Rupert is heavily wounded.
Rupert hits you with a +2 battleaxe of electrocution!!
* * * LOW HITPOINT WARNING * * *
You puncture Rupert!
Rupert is heavily wounded.
You closely miss Rupert.
Rupert is heavily wounded.
Rupert completely misses you.
You feel much better. You block Rupert's attack. x2
You feel much better. Rupert completely misses you.
Throw: 16 darts (poison)
Press: ? - help, Q - select action, (/) - cycle Shift-Dir - straight line, f - Rupert
Aim: Rupert, wielding a +2 battleaxe of electrocution and wearing a +0 ring mail (heavily wounded, berserk, poisoned, 70% to hit)
You throw a poisoned dart. The poisoned dart hits Rupert.
Rupert looks even sicker.
Rupert is heavily wounded.
You block Rupert's attack.
You hit Rupert.
Rupert is heavily wounded.
Rupert hits you with a +2 battleaxe of electrocution!
You hit Rupert.
Rupert is heavily wounded.
Rupert hits you with a +2 battleaxe of electrocution!
You hit Rupert.
Rupert is heavily wounded.
You block Rupert's attack.
You barely miss Rupert.
Rupert is heavily wounded.
You block Rupert's attack.
You puncture Rupert!
Rupert is severely wounded.
You barely miss Rupert.
Rupert is severely wounded.
Rupert hits you with a +2 battleaxe of electrocution!
* * * LOW HITPOINT WARNING * * *
You puncture Rupert!
Rupert is severely wounded.
Rupert hits you with a +2 battleaxe of electrocution!!
You die...

#.#.##.#......( #.####
## #.#..#.#.......
#....# ##.
.....#.#(>..... ####.#
#.. #.##.#.#....... #.#
#.. #......#....... #.#
#.. #.............. #.#
#.. #.....##.###.#.##
#.# #.)
#..#.###.###.#.@## #.#
#..
................@####.#
#..
#..##.##.###.##(......#
#.. #........# #
######### #..
#.###.#### #.. ......#
## #.. .###### #. #...#
#.. .#.## ##.## ###.#..
#.. ..#.## #...#
#.....# #.. ...#.#
#...# #.#.#.# ##'


You could see Rupert (berserk, poisoned).

Vanquished Creatures
  A hydra (D:11)
  2 boulder beetles (D:13)
  A catoblepas (D:13)
  Erica (D:8)
  2 centaur warriors
  2 two-headed ogres
  2 deep elf pyromancers (D:13)
  4 cyclopes
  3 ugly things
  2 gargoyles
  2 efreet (D:13)
  A rime drake (shapeshifter) (D:11)
  2 trolls
  2 hornets (D:9)
  5 wraiths
  A shadow (D:10)
  A wyvern (D:10)
  24 yaks
  A basilisk (D:10)
  5 vampire mosquitoes (D:12)
  2 water moccasins
  3 acid dragons
  2 sky beasts
  Pargi (Sewer)
  An ice beast (D:7)
  An orc warrior (D:8)
  2 black bears
  2 ogres
  2 phantoms (D:7)
  4 centaurs
  2 kobold brigands
  5 elf zombies (Ossuary)
  3 bullfrogs (D:8)
  A water moccasin skeleton (D:4)
  5 wights (D:9)
  7 killer bees
  10 howler monkeys
  2 centaur zombies
  3 hounds
  6 orc priests
  A bullfrog skeleton (D:5)
  2 gnoll shamans
  2 jellies
  Ijyb (D:5)
  7 iguanas
  11 orc wizards
  A killer bee zombie (D:9)
  A hound skeleton (D:5)
  2 mummies (Ossuary)
  A howler monkey zombie (D:9)
  14 gnolls
  A howler monkey skeleton (D:5)
  6 adders
  2 white imps (D:6)
  2 adder zombies (Ossuary)
  A worm (D:2)
  3 dart slugs
  23 orcs
  4 ball pythons
  3 endoplasms
  5 giant cockroaches
  10 goblins
  8 hobgoblins
  7 quokkas
  5 bats
  3 frilled lizards
  7 hobgoblin zombies (Ossuary)
  20 kobolds
  14 kobold zombies (Ossuary)
  8 orc zombies (Ossuary)
  3 rats
306 creatures vanquished.

Vanquished Creatures (others)
  A deep elf pyromancer (D:7)
  2 plants
3 creatures vanquished.

Grand Total: 309 creatures vanquished

Notes
Turn   | Place    | Note
-------+----------+-------------------------------------------
     0 | D:1      | SanguineChosen the Gargoyle Fighter began the quest for the
                  | Orb.
     0 | D:1      | Reached XP level 1. HP: 14/14 MP: 1/1
   528 | D:1      | Reached XP level 2. HP: 19/19 MP: 2/2
   833 | D:1      | Found a faded altar of an unknown god.
   981 | D:2      | Found a hazy altar of Hepliaklqana.
   988 | D:2      | Reached XP level 3. HP: 24/24 MP: 3/3
   988 | D:2      | Identified the +7 short sword "Baoc" {protect, rElec Int+5}
  1806 | D:3      | Found a glowing silver altar of Zin.
  1820 | D:3      | Reached XP level 4. HP: 29/29 MP: 4/4
  1825 | D:3      | Reached skill level 1 in Short Blades
  2296 | D:3      | Reached XP level 5. HP: 22/33 MP: 5/5
  2574 | D:4      | Noticed an ogre
  2585 | D:4      | Reached XP level 6. HP: 29/38 MP: 6/6
  2971 | D:4      | Found Ukhui's General Store.
  2975 | D:4      | Bought a scroll of identify for 20 gold pieces
  2975 | D:4      | Bought a wand of flame (9) for 55 gold pieces
  2975 | D:4      | Bought a potion of curing for 30 gold pieces
  3016 | D:4      | Found a glowing drain.
  3035 | D:4      | Identified the ring of the Cicada {Drain rF+++ Int+6
                  | Slay+2}
  3051 | Sewer    | Entered a sewer
  3142 | Sewer    | Noticed Pargi
  3152 | Sewer    | Killed Pargi
  3153 | Sewer    | Reached skill level 1 in Dodging
  3153 | Sewer    | Reached XP level 7. HP: 41/44 MP: 7/7
  3292 | D:4      | Found a sacrificial altar of Ru.
  3308 | D:4      | Found a shimmering blue altar of Sif Muna.
  3464 | D:5      | Entered Level 5 of the Dungeon
  3466 | D:5      | Noticed Ijyb
  3476 | D:5      | Killed Ijyb
  3794 | D:5      | Found a sand-covered staircase.
  3798 | Ossuary  | Entered an ossuary
  3973 | Ossuary  | Reached skill level 1 in Stealth
  3988 | Ossuary  | Reached skill level 5 in Short Blades
  3988 | Ossuary  | Reached XP level 8. HP: 44/48 MP: 8/8
  4006 | Ossuary  | Reached skill level 5 in Shields
  4028 | Ossuary  | Reached skill level 5 in Fighting
  4050 | Ossuary  | Reached skill level 5 in Armour
  4335 | D:5      | Found a staircase to the Ecumenical Temple.
  5372 | D:6      | Found a bloodstained altar of Trog.
  5372 | D:6      | Found an iron altar of Okawaru.
  5407 | D:6      | Reached XP level 9. HP: 54/54 MP: 9/9
  5516 | D:6      | You fall into a shaft and drop 1 floor!
  5811 | D:6      | Found a sparkling altar of Nemelex Xobeh.
  5940 | D:6      | Found a hazy altar of Hepliaklqana.
  6726 | D:7      | Noticed a deep elf pyromancer
  6733 | D:7      | Killed a deep elf pyromancer
  7589 | D:8      | Reached XP level 10. HP: 22/61 MP: 10/10
  8201 | D:8      | Noticed Erica
  8220 | D:8      | Killed Erica
  8489 | D:8      | Reached skill level 1 in Throwing
  8850 | D:9      | Found a blossoming altar of Fedhas.
  9291 | D:9      | Found a staircase to the Orcish Mines.
  9657 | D:10     | Entered Level 10 of the Dungeon
  9724 | D:9      | Reached XP level 11. HP: 33/67 MP: 11/11
 10097 | D:10     | Found a staircase to the Lair.
 10559 | D:10     | Found an ornate altar of the Wu Jian Council.
 10594 | D:10     | Found Tyzas's General Store.
 10812 | D:10     | Found Eruasmo's Jewellery Boutique.
 10947 | D:11     | Noticed a two-headed ogre
 10959 | D:11     | Killed a two-headed ogre
 11345 | D:11     | Found a glowing silver altar of Zin.
 11345 | D:11     | Noticed an angel
 11545 | D:11     | Reached skill level 1 in Evocations
 11574 | D:11     | Noticed a brown ugly thing
 11613 | D:11     | Killed a brown ugly thing
 11614 | D:11     | Reached skill level 10 in Shields
 11913 | D:12     | Noticed a cyclops
 11913 | D:12     | Noticed a centaur warrior
 11913 | D:12     | Noticed a cyclops
 11913 | D:12     | Noticed a red ugly thing
 12004 | D:12     | Noticed a four-headed hydra
 12023 | D:11     | Killed a red ugly thing
 12024 | D:11     | Reached skill level 10 in Short Blades
 12095 | D:11     | Killed a four-headed hydra
 12347 | D:12     | Killed a centaur warrior
 12348 | D:12     | Reached XP level 12. HP: 66/75 MP: 12/12
 12479 | D:12     | Identified the ring of the Median {rPois rCorr Dex+2}
 12828 | D:12     | Reached skill level 5 in Dodging
 13253 | D:13     | Noticed a boulder beetle
 13347 | D:13     | Killed a boulder beetle
 13620 | D:13     | Noticed a centaur warrior
 13628 | D:13     | Killed a centaur warrior
 13693 | D:13     | Noticed a two-headed ogre
 13709 | D:13     | Killed a two-headed ogre
 13855 | D:13     | Noticed a catoblepas
 13885 | D:13     | Killed a catoblepas
 14314 | D:13     | Noticed a boulder beetle
 14353 | D:13     | Killed a boulder beetle
 14555 | D:13     | Noticed Rupert
 14567 | D:13     | Paralysed by Rupert for 3 turns
 14591 | D:13     | Mangled by Rupert

Illustrated notes

Levels and vault maps discovered:
D:1:      dpeg_arrival_simpleton_b, layout_basic,
          ebering_ecumenical_altar_abandoned
D:2:      layout_loops_ring, basic_altar
D:3:      layout_rooms, mainiacjoe_overflow_alcove_4, roderic_roman_lattice,
          skrybe_limestone_x
D:4:      layout_rooms, mainiacjoe_overflow_swirl, portal_sewer_entry_f,
          serial_shops, nicolae_shop_trees
D:5:      layout_gridville, minmay_temple_entry_tees,
          lightli_ossuary_entry_decrepit_ruins, chequers_avenue, uniq_ijyb
D:6:      layout_cave_pools, grunt_temple_overflow_bloody_war,
          mainiacjoe_overflow_catch_the_wave
D:7:      layout_gridville
D:8:      layout_loops_ring, uniq_erica
D:9:      layout_stronghold, fedhas_ov_isle_minmay, orc_0_dummy,
          kennysheep_generic_room_15
D:10:     layout_cross, nicolae_wu_jian_wuxing_cycle, david_lair_generic,
          serial_shops, kennysheep_mini, kennysheep_mini_moat
D:11:     layout_loops_ring, zin_angel
D:12:     layout_irregular_city, minmay_mirror_moons_of_madness
D:13:     layout_loops_cross, nrook_uturn, uniq_rupert

Skill      XL: |  1  2  3  4  5  6  7  8  9 10 11 12 |
---------------+-------------------------------------+-----
Fighting       | 4 5 6 7 8 9 |  9.5
Short Blades   | 2 3 4 5 6 7 9 10 11 | 11.5
Armour         | 4 5 6 7 8 |  8.7
Shields        | 4 6 7 8 10 11 | 11.2
Dodging        | 1 2 3 4 5 |  5.6
Stealth        | 1 2 3 4 |  4.4
Throwing       | 1 3 |  3.0
Evocations     | 1 |  1.7
Maces & Flails | |  2.3

Action                   |  1- 3 |  4- 6 |  7- 9 | 10-12 || total
-------------------------+-------+-------+-------+-------++-------
Melee: Flail             |    15 |       |       |       ||    15
       Dagger            |    39 |       |       |       ||    39
       Short sword       |    34 |   129 |   425 |   871 ||  1459
Throw: Dart              |       |       |     3 |    38 ||    41
Evoke: Wand              |       |     1 |     5 |     6 ||    12
  Use: Potion            |       |     1 |     3 |     7 ||    11
       Scroll            |       |       |     7 |    11 ||    18
 Stab: Sleeping          |       |       |       |     2 ||     2
       Distracted        |       |       |       |     1 ||     1
Armor: Scale mail        |    41 |    62 |   239 |   144 ||   486
       Acid dragon scale |       |       |       |    85 ||    85
Dodge: Dodged            |    30 |    49 |   163 |   272 ||   514
Block: Buckler           |    14 |    59 |   208 |   361 ||   642
       Reflection        |       |       |     5 |    23 ||    28
